 Dungeon Crawl Stone Soup version 0.30.1-11-g7821555f0a (webtiles) character file.

Game seed: 17308749454453854011

42 Okkudo the Chopper (level 3, 0/31 HPs)
             Began as a Hill Orc Monk on Dec 10, 2023.
             Slain by a gnoll
             ... wielding a +0 flail
              (6 damage)
             ... on level 3 of the Dungeon.
             The game lasted 00:03:11 (1113 turns).

Okkudo the Chopper (Hill Orc Monk)                  Turns: 1113, Time: 00:03:11

Health: 0/31       AC:  6    Str: 15    XL:     3   Next: 54%
Magic:  3/3        EV: 10    Int: 10    God:
Gold:   80         SH:  0    Dex: 13    Spells: 2/2 levels left

rFire   . . .        a - +0 hand axe
rCold   . . .        d - orb {light}
rNeg    . . .        e - +0 scale mail
rPois   .            (no helmet)
rElec   .            (no cloak)
rCorr   .            (no gloves)
SInv    .            (no boots)
Will    .....        (no amulet) Stlth
                     (no ring)
HPRegen 0.25/turn    (no ring)
MPRegen 0.08/turn

%: no passive effects
@: confused, ambrosia-drunk, glowing
A: no striking features
a: no special abilities


You were on level 3 of the Dungeon.
You visited 1 branch of the dungeon, and saw 3 of its levels.

You collected 80 gold pieces.

Inventory:

Hand Weapons
 a - a +0 hand axe (weapon)
Missiles
 i - 7 poisoned darts (quivered)
Armour
 b - a +0 robe
 d - an orb of light (worn)
 e - a +0 scale mail (worn)
Scrolls
 f - a scroll of teleportation {unknown}
 g - 2 scrolls of identify {unknown}
 j - a scroll of vulnerability {unknown}
Potions
 h - a potion of flight {unknown}


   Skills:
 - Level 3.6 Fighting
 * Level 5.9 Axes
 - Level 2.4 Dodging


You had 2 spell levels left.
You didn't know any spells.
Your spell library was empty.

Dungeon Overview and Level Annotations

Branches:
Dungeon (3/15)

Altars:


Message History

The gnoll misses you. The gnoll completely misses you.
Things that are here:
a +0 whip; a gnoll corpse; a jackal corpse You barely miss the gnoll.
You completely miss the gnoll. The gnoll hits you with a +0 halberd.
The gnoll misses you.
You slash the gnoll!
The gnoll is heavily wounded.
You barely miss the gnoll. The gnoll barely misses you. x2
The gnoll barely misses you. x2
The gnoll barely misses you.
You barely miss the gnoll. The gnoll barely misses you.
The gnoll attacks as you move away! The gnoll hits you with a +0 flail.
You hit the gnoll but do no damage. The gnoll hits you with a +0 flail.
You hit the gnoll.
The gnoll is lightly wounded.
The gnoll hits you from afar with a +0 halberd.
The gnoll barely misses you. The gnoll attacks as you move away!
The gnoll completely misses you. The gnoll attacks as you move away!
The gnoll hits you but does no damage. The gnoll attacks as you move away!
The gnoll hits you with a +0 flail! The gnoll attacks as you move away!
The gnoll hits you with a +0 flail.
* * * LOW HITPOINT WARNING * * *
The gnoll attacks as you move away! The gnoll misses you.
There is a stone staircase leading down, spattered with blood here.
You climb downwards.
Found 6 gold pieces.
There is a stone staircase leading up here.
You hit the gnoll but do no damage.
The gnoll is lightly wounded.
The gnoll closely misses you. The gnoll hits you with a +0 flail!
* * * LOW HITPOINT WARNING * * *
You hit the gnoll.
The gnoll is lightly wounded.
The gnoll misses you.
You barely miss the gnoll.
The gnoll is lightly wounded.
The gnoll closely misses you.
You are confused.
You feel invigorated. The gnoll hits you with a +0 flail.
You die...

###
#@#
#g#
#.#
...
$.#
.###
. #.


You could see a gnoll.

Vanquished Creatures
  A gnoll (D:2)
  4 endoplasms
  A giant cockroach (D:1)
  4 goblins
  3 hobgoblins (D:1)
  2 jackals (D:2)
  4 kobolds
  A quokka (D:1)
  A ball python (D:2)
  4 bats
  3 frilled lizards
  A rat (D:2)
29 creatures vanquished.

Notes
Turn   | Place    | Note
-------+----------+-------------------------------------------
     0 | D:1      | Okkudo the Hill Orc Monk began the quest for the Orb.
     0 | D:1      | Reached XP level 1. HP: 19/19 MP: 1/1
   105 | D:1      | Reached XP level 2. HP: 14/26 MP: 2/2
   443 | D:1      | Reached skill level 5 in Axes
   962 | D:2      | Reached XP level 3. HP: 27/31 MP: 3/3
  1113 | D:3      | Slain by a gnoll

Illustrated notes

Levels and vault maps discovered:
D:1:      minmay_arrival_four_circles, layout_loops_ring
D:2:      layout_basic
D:3:      gammafunk_steamed_eel, layout_basic, uniq_ijyb, uniq_robin

Skill      XL: |  1  2 |
---------------+-------+-----
Axes           | 5 |  5.9
Fighting       | |  3.6
Dodging        | |  2.4

Action                     || total
---------------------------++-------
  Melee: Hand axe          ||    92
    Use: Potion            ||     1
 Armour: Scale mail        ||    46
  Dodge: Dodged            ||    64
